Map: Catalyst LE

Players

JonSnow

  • Race: Zerg Zerg
  • League: Master
  • Spawn Location: 5:00

SpeCial - Winner!

  • Race: Terran Terran
  • League: Master
  • Spawn Location: 11:00

VOD

Have the link to the VOD?

Description

Time

  • Played on: Feb. 3, 2018, 3:53 p.m.
  • Length: 6:30
Show
View Real Time Build Order
Export as new Build Order

JonSnow Zerg 

Build Orders: Hatch First 

Get SALT Encoding   

  12  0:00  Drone  
  13  0:15  Overlord  
  13  0:18  Drone  
  14  0:33  Drone x2  
  16  0:38  Drone  
  17  0:53  Hatchery  
  17  0:56  Drone  
  17  0:59  Drone  
  17  1:03  Extractor  
  17  1:15  Spawning Pool  
  17  1:17  Drone  
  17  1:21  Drone  
  18  1:32  Drone  
  19  1:44  Overlord  
  19  1:52  Drone  
  20  2:02  Queen  
  20  2:04  Zergling x2  
  20  2:06  Queen  
  20  2:07  Metabolic Boost  
  25  2:12  Zergling x2  
  26  2:34  Hatchery  
  24  2:46  Queen  
  24  2:47  Drone x2  
  24  2:48  Drone  
  24  2:51  Drone  
  30  2:54  Drone  
  30  2:57  Drone  
  32  3:02  Overlord  
  32  3:06  Drone  
  32  3:11  Overlord  
  33  3:22  Overlord  
  33  3:23  Drone  
  34  3:28  Drone x3  
  34  3:30  Zergling x6  
  40  3:38  Zergling x2  
  40  3:41  Queen  
  40  3:45  Roach Warren  
  41  3:49  Zergling x2  
  42  4:00  Zergling x2  
  42  4:01  Zergling x12  
  47  4:05  Drone x3  
  48  4:13  Drone x3  
  48  4:16  Extractor  
  49  4:36  Overlord  
  48  4:41  Roach x8  
  66  4:45  Roach  
  66  4:53  Overlord x2  
  66  4:59  Zergling x2  
  71  5:00  Zergling x8  
  71  5:05  Roach  
  71  5:06  Zergling x2  
  74  5:07  Overlord  
  74  5:13  Overlord  
  73  5:27  Ravager x2  
  73  5:28  Ravager  
  76  5:32  Zergling x18  
  83  5:46  Zergling x12  
  89  5:51  Ravager  
  89  5:54  Overlord  
  89  5:55  Zergling x2  
  89  5:56  Zergling x4  
  90  6:07  Zergling x10  
Show
View Real Time Build Order
Export as new Build Order

SpeCial Terran - Winner!

Build Orders: Gas First Reaper Expand, Hellion Opening, Reaper Expand 

Get SALT Encoding   

  12  0:00  SCV  
  13  0:13  SCV  
  14  0:20  Supply Depot  
  14  0:25  SCV  
  15  0:29  Refinery  
  15  0:42  SCV  
  16  0:45  Barracks  
  16  0:54  SCV  
  17  1:06  SCV  
  18  1:18  SCV  
  19  1:32  Orbital Command  
  19  1:33  Reaper  
  20  1:43  Command Center  
  20  1:57  Factory  
  20  1:58  SCV  
  21  2:07  Barracks Reactor  
  21  2:09  Supply Depot  
  21  2:11  SCV  
  22  2:17  Refinery  
  22  2:23  SCV  
  23  2:35  SCV  
  24  2:47  SCV  
  25  2:51  Hellion  
  25  2:52  Hellion  
  25  2:54  Armory  
  25  2:55  Orbital Command  
  29  2:58  Reaper  
  29  3:02  SCV  
  31  3:13  Hellion x2  
  31  3:14  SCV  
  36  3:22  SCV  
  36  3:26  SCV  
  38  3:33  Supply Depot  
  38  3:34  SCV  
  38  3:37  Hellion x2  
  38  3:40  Reaper  
  44  3:43  SCV  
  44  3:45  Hellion x2, Terran Vehicle Weapons Level 1  
  44  3:46  SCV  
  46  3:55  SCV  
  46  3:58  SCV  
  46  4:05  Cyclone x2  
  46  4:08  SCV  
  51  4:10  SCV  
  51  4:14  Marine  
  53  4:20  Command Center  
  53  4:22  SCV  
  54  4:25  Supply Depot  
  54  4:30  SCV  
  53  4:34  SCV  
  53  4:37  Factory  
  54  4:39  Refinery x2  
  54  4:47  SCV, Hellion x2  
  54  4:51  Supply Depot  
  59  4:53  Supply Depot  
  59  4:54  SCV  
  59  4:55  Barracks Reactor  
  59  4:59  SCV  
  61  5:06  SCV  
  62  5:13  Cyclone x2  
  68  5:17  Supply Depot  
  68  5:18  SCV x2  
  70  5:30  SCV  
  70  5:31  SCV  
  70  5:33  Orbital Command  
  70  5:39  Cyclone x2  
  74  5:43  SCV  
  74  5:46  Cyclone  
  81  5:51  Supply Depot x2  
  81  5:55  SCV x2  
  79  6:10  Marine  
  66  6:12  SCV x2  
  66  6:16  SCV  
Tags
 
Add a new tag
Caveats
  • Supply blocks, unpowered buildings, or Contaminate may cause inaccurate times.
  • Supply counts are checked every 10 seconds.